 Dungeon Crawl Stone Soup version 0.25-a0-356-g7c9d860b3b (webtiles) character file.

Game seed: 17764386489641946961, levelgen mode: deterministic

422 Error4North the Chopper (level 6, -6/53 HPs)
             Began as a Hill Orc Fighter on Jan 3, 2020.
             Mangled by an ogre
             ... wielding a +0 giant club
              (16 damage)
             ... on level 4 of the Dungeon.
             The game lasted 00:08:41 (3027 turns).

Error4North the Chopper (Hill Orc Fighter)          Turns: 3027, Time: 00:08:41

Health: -6/53      AC:  9    Str: 20    XL:     6   Next: 95%
Magic:  8/8        EV:  8    Int:  9    God:
Gold:   165        SH:  9    Dex: 10    Spells: 7/7 levels left

rFire    . . .     SeeInvis .   a - +0 war axe
rCold    . . .     Gourm    .   c - +0 shield
rNeg     . . .     Faith    .   b - +0 scale mail
rPois    .         Spirit   .   (no helmet)
rElec    .         Reflect  .   l - +0 cloak
rCorr    .         Harm     .   B - +0 pair of gloves
MR       .....                  (no boots)
Stlth    ..........             (no amulet)
HPRegen  0.17/turn              (no ring)
MPRegen  0.11/turn              (no ring)

@: no status effects
A: no striking features
a: no special abilities


You were on level 4 of the Dungeon.
You were not hungry.

You visited 1 branch of the dungeon, and saw 4 of its levels.

You collected 165 gold pieces.

Inventory:

Hand Weapons
 a - a +0 war axe (weapon)
Missiles
 h - 3 datura-tipped darts (quivered)
 y - 7 boomerangs
Armour
 b - a +0 scale mail (worn)
 c - a +0 shield (worn)
 l - a +0 cloak (worn)
 B - a +0 pair of gloves (worn)
Jewellery
 e - an uncursed ring of ice {unknown}
 s - an uncursed amulet of guardian spirit {unknown}
Scrolls
 j - a scroll of random uselessness {unknown}
 m - a scroll of immolation {unknown}
 p - a scroll of teleportation {unknown}
 q - a scroll of enchant armour {unknown}
 r - a scroll of amnesia {unknown}
 u - a scroll of remove curse
 v - a scroll of enchant weapon {unknown}
 w - 3 scrolls of identify {unknown}
Potions
 d - a potion of might
 g - a potion of agility {unknown}
 i - a potion of flight {unknown}
 k - 2 potions of lignification {unknown}
 n - 3 potions of curing {unknown}
 o - a potion of magic {unknown}
 t - a potion of haste {unknown}
 x - a potion of brilliance {unknown}
 z - a potion of cancellation {unknown}
Comestibles
 f - 5 rations


   Skills:
 + Level 4.3 Fighting
 + Level 5.5 Axes
 + Level 0.8 Throwing
 * Level 4.8 Armour
 + Level 0.9 Dodging
 + Level 0.1 Stealth
 * Level 4.6 Shields
 * Level 1.3 Spellcasting


You had 7 spell levels left.
You didn't know any spells.
Your spell library was empty.

Dungeon Overview and Level Annotations

Branches:
Dungeon (4/15)
 Temple: D:4-7

Altars:
Elyvilon
Makhleb
Sif Muna


Message History

The worm is heavily wounded.
You block the worm's attack.
You slash the worm!
The worm is almost dead.
The worm bites you.
You slash the worm!
You kill the worm!
You swing at nothing.
An ogre comes into view. It is wielding a +0 giant club.
The ogre shouts!
You see here a datura-tipped dart.
You see here a datura-tipped dart.
You hit the ogre.
The ogre is lightly wounded.
The ogre hits you with a +0 giant club!
* * * LOW HITPOINT WARNING * * *
You slice the ogre!!
The ogre is severely wounded.
The ogre hits you with a +0 giant club!
You die...

##.###. ...### ## ...
..... .. # #### ....#..
##.#### #...#. .......
#.... ....... #.# ...
##.#### #.# #O# #.....
#.# #@# ######
#.####(#### ######
#.#.......# #.....
#.#.##.##.# #.####
#.#.##.# # #.# #
#.#.##.##.#### #.# #
#............. #.# #
###.##.##.###.####.####
#.......# #..........


You could see an ogre.

Vanquished Creatures
  An ice beast (D:3)
  A scorpion (D:3)
  3 orc priests (D:3)
  4 adders
  An ooze (D:3)
  4 worms
  A dart slug (D:1)
  2 leopard geckos (D:3)
  11 orcs
  5 bats
  3 giant cockroaches
  9 goblins
  4 hobgoblins
  8 kobolds
  A quokka (D:3)
  2 ball pythons
  2 frilled lizards (D:1)
  7 rats
69 creatures vanquished.

Vanquished Creatures (collateral kills)
  A phantom (D:4)
  An iguana (D:4)
  An orc (D:4)
  A frilled lizard (D:2)
4 creatures vanquished.

Grand Total: 73 creatures vanquished

Notes
Turn   | Place    | Note
-------+----------+-------------------------------------------
     0 | D:1      | Error4North the Hill Orc Fighter began the quest for the
                  | Orb.
     0 | D:1      | Reached XP level 1. HP: 19/19 MP: 1/1
   119 | D:1      | Reached XP level 2. HP: 21/26 MP: 2/2
   688 | D:1      | Reached XP level 3. HP: 33/33 MP: 3/3
   966 | D:2      | Found a white marble altar of Elyvilon.
  1014 | D:2      | Found a shimmering blue altar of Sif Muna.
  1150 | D:2      | Found a burning altar of Makhleb.
  1176 | D:2      | Reached skill level 3 in Axes
  1654 | D:3      | Noticed a scorpion
  1666 | D:3      | Killed a scorpion
  1666 | D:3      | Reached XP level 4. HP: 35/40 MP: 4/4
  1685 | D:3      | Reached skill level 4 in Axes
  1721 | D:3      | Reached XP level 5. HP: 41/46 MP: 5/5
  2384 | D:3      | Noticed an ice beast
  2390 | D:3      | Killed an ice beast
  2390 | D:3      | Reached skill level 1 in Spellcasting
  2390 | D:3      | Reached XP level 6. HP: 33/52 MP: 7/7
  2576 | D:3      | Reached skill level 5 in Axes
  2929 | D:4      | Killed a phantom
  3027 | D:4      | Mangled by an ogre

Levels and vault maps discovered:
D:1:      minmay_arrival_nine_rooms, layout_basic
D:2:      layout_loops_cross, elyvilon_altar_4, nicolae_overflow_hidden_temple,
          lemuel_doored_altar, first_ration
D:3:      layout_loops_corners
D:4:      layout_loops_ring, minitemple, minmay_temple_entry_glassed_door,
          uniq_blork_the_orc

Skill      XL: |  1  2  3  4  5  6 |
---------------+-------------------+-----
Armour         | 4 |  4.8
Axes           | 3 4 5 |  5.5
Shields        | 4 |  4.6
Fighting       | 4 |  4.3
Spellcasting   | 1 |  1.3
Throwing       | |  0.8
Dodging        | |  0.9
Stealth        | |  0.1

Action                   |  1- 3 |  4- 6 || total
-------------------------+-------+-------++-------
Melee: War axe           |   106 |   131 ||   237
Throw: Dart              |     7 |    12 ||    19
  Use: Scroll            |       |     1 ||     1
  Eat: Chunk             |     2 |       ||     2
       Ration            |       |     2 ||     2
Armor: Scale mail        |    36 |    46 ||    82
Dodge: Dodged            |    34 |    34 ||    68
Block: Shield            |    58 |    74 ||   132

Table legend:
 A = Non-vault XP
 B = Vault XP
 C = Vault XP percentage of total XP
 D = Non-vault monster count
 E = Vault monster count
 F = Vault count percentage of total count
                 A         B        C        D         E       F
            +---------+---------+-------+---------+---------+-------
      Total |     603 |       0 |   0.0 |      73 |       0 |   0.0
            +---------+---------+-------+---------+---------+-------
        D:1 |      34 |       0 |   0.0 |      20 |       0 |   0.0
        D:2 |      40 |       0 |   0.0 |      15 |       0 |   0.0
        D:3 |     421 |       0 |   0.0 |      29 |       0 |   0.0
        D:4 |     108 |       0 |   0.0 |       9 |       0 |   0.0
            +---------+---------+-------+---------+---------+-------
